 Dungeon Crawl Stone Soup version 0.30-a0-364-gf6b3ef1049 (webtiles) character file.

Game seed: 13937860451175232066

14364 holysushi the Spry (level 12, 0/102 HPs)
             Began as a Meteoran Earth Elementalist on Nov 15, 2022.
             Was an Elder of Makhleb.
             Shot with an arrow by Nessos (29 damage)
             ... on level 12 of the Dungeon.
             The game lasted 00:48:26 (5067 turns).

holysushi the Spry (Meteoran Earth Elementalist)    Turns: 5067, Time: 00:48:26

Health: 0/102      AC: 11    Str: 12    XL:     12   Next: 78%
Magic:  23/23      EV: 22    Int: 25    God:    Makhleb [****..]
Gold:   1584       SH:  0    Dex: 17    Spells: 10/24 levels left

rFire   . . .      SeeInvis .    u - +6 hammer "Kafiut" {holy, Str+3 Int+4}
rCold   . . .      Faith    .    (no shield)
rNeg    . . .      Spirit   .    m - +2 robe {Archmagi}
rPois   .          Reflect  .    n - +1 hat
rElec   .          Harm     .    w - +2 cloak
rCorr   .          Rampage  .    d - +2 pair of gloves
Will    +++..      Archmagi +    (no boots)
Stlth   +.........               (no amulet)
HPRegen 0.37/turn                E - ring of willpower
MPRegen 0.18/turn                r - ring of willpower

@: about to teleport, hasted, glowing, studying Maces & Flails, very quick
A: sense surroundings 2, otherworldly, glowing, explore regen
a: Renounce Religion, Minor Destruction, Lesser Servant of Makhleb, Major
Destruction


You were on level 12 of the Dungeon.
You worshipped Makhleb.
Makhleb was greatly pleased with you.
You visited 2 branches of the dungeon, and saw 15 of its levels.

You collected 1584 gold pieces.

Inventory:

Hand Weapons
 o - a +1 rapier of venom
 u - the +6 hammer "Kafiut" (weapon) {holy, Str+3 Int+4}
   (You found it on level 3 of the Dungeon)

   It has been blessed by the Shining One to cause great damage to the undead
   and demons.
   Str:       It affects your strength (+3).
   Int:       It affects your intelligence (+4).
 M - the +5 long sword of Causality {drain, *Corrode rF+ Will++ Str+3}
   (You found it on level 11 of the Dungeon)

   A truly terrible weapon, it drains the life of any living foe it strikes.
   Str:       It affects your strength (+3).
   rF:        It protects you from fire.
   *Corrode:  It may corrode you when you take damage.
   Will:      It greatly increases your willpower.
Missiles
 F - a throwing net
Armour
 a - a +0 robe
 d - a +2 pair of gloves (worn)
 m - a +2 robe of the Archmagi (worn)
 n - a +1 hat (worn)
 w - a +2 cloak (worn)
 H - a +0 buckler
 N - an orb of mayhem
Jewellery
 r - a ring of willpower (right hand)
 E - a ring of willpower (left hand)
Wands
 e - a wand of polymorph (7)
 v - a wand of flame (50)
 B - a wand of mindburst (9)
 K - a wand of light (3)
Scrolls
 f - a scroll of brand weapon {unknown}
 h - a scroll of torment
 k - a scroll of identify
 s - a scroll of fog
 y - a scroll of poison
 C - 3 scrolls of noise {unknown}
 I - a scroll of blinking {unknown}
 J - a scroll of magic mapping {unknown}
 L - a scroll of immolation
Potions
 b - a potion of magic
 c - 3 potions of mutation
 g - 8 potions of curing
 i - 3 potions of haste
 l - 3 potions of lignification
 p - 3 potions of flight
 q - 3 potions of heal wounds {unknown}
 t - a potion of resistance {unknown}
 x - a potion of berserk rage {unknown}
 z - 2 potions of attraction {unknown}
 A - a potion of invisibility {unknown}
 G - a potion of might {unknown}
 O - a potion of degeneration {unknown}


   Skills:
 + Level 8.3 Fighting
 + Level 16.8 Dodging
 - Level 1.5 Stealth
 + Level 6.8 Spellcasting
 - Level 1.4 Transmutations
 + Level 2.7 Air Magic
 - Level 7.8 Earth Magic
 - Level 8.0 Evocations


You had 10 spell levels left.
You knew the following spells:

 Your Spells              Type           Power      Damage    Failure   Level
a - Sandblast             Erth           100%       2d20      1%          1
b - Passwall              Tmut/Erth      39%        N/A       1%          2
c - Stone Arrow           Conj/Erth      84%        3d12      4%          3
d - Petrify               Tmut/Erth      47%        N/A       10%         4
e - Airstrike             Air            16%        2d(3-19)  22%         4

Your spell library contained the following spells:

 Spells                   Type           Power      Damage    Failure   Level
 Kindle Blastsparks       Fire/Tloc/Air  38%        2d13      14%         3
 Ignite Poison            Fire/Tmut/Pois 16%        N/A       17%         3
 Summon Lightning Spire   Summ/Air       23%        N/A       36%         4
 Lightning Bolt           Conj/Air       11%        1d24      71%         5
 Freezing Cloud           Conj/Ice/Air   9%         6-21      78%         5


Dungeon Overview and Level Annotations

Branches:
Dungeon (13/15) Zot: 2487  Temple (0/1) D:5             Orc (2/2) D:9 Zot: 1142
    Elf (0/3) Orc:2
   Lair: D:8-11      Vaults: D:13-14

Altars:
Dithmenos
Kikubaaqudgha
Makhleb
Nemelex Xobeh
Wu Jian
Yredelemnul
Zin

Shops:
D:1 !   D:6 (   D:7 [   D:9 (   D:10 (

Annotations:
D:10 exclusion: downstairs
D:12 Nessos


Innate Abilities, Weirdness & Mutations

You passively map the area around you.
You are easily found by Zot.
You glow in the dark.
You regain HP and MP as you explore.


Message History

Nessos blinks!
Nessos shoots an arrow.
The arrow hits you!
* * * LOW HITPOINT WARNING * * *
The arrow burns you.
You are more poisoned.
* * * LOW HITPOINT WARNING * * *
You feel very sick.
There is an open door here.
You feel sick.
You close the door.
You feel sick.
You feel sick.
You feel sick.
Something unseen opens the door.
You feel sick.
Nessos shoots an arrow.
The arrow closely misses you.
There is an open door, spattered with blood here.
You feel sick.
You close the door.
Okay, then.
You feel better.
Something unseen opens the door.
A centaur comes into view.
Okay, then.
Level annotation: Nessos Welcome back, holysushi the Meteoran Earth Elementalist.
Blood and souls for Makhleb!
Press ? for a list of commands and other information.
Cast which spell? (? or * to list)
Okay, then.
Okay, then.
As you read the scroll of teleportation, it crumbles to dust.
You feel strangely unstable.
The centaur wields a +0 shortbow.
The centaur shoots an arrow.
The arrow misses you.
You close the door.
Nessos breaks down the door.
Nessos shoots an arrow.
The arrow completely misses you.
It's broken and can't be closed.
It's broken and can't be closed.
It's broken and can't be closed.
The centaur shoots an arrow.
The arrow hits you!
* * * LOW HITPOINT WARNING * * *
You feel better.
Nessos shoots an arrow.
The arrow completely misses you.
The centaur shoots an arrow.
The arrow closely misses you.
Nessos shoots an arrow.
The arrow hits you!!
You die...

....))......# ,, * ,
.........##.#...c......#
, .........#
#...?......# , ,,
.........# #..........#
*, ...<.....#
#........... ,,
......)..# #......... *
, .........# +.......#*
** #####.#### #.......#
, #####.# #...@...#
......# ######c##
####### #.....# ......#
####c######## , ......#
#...........# , ,
......# #...........# ,
......# #...........# ,
, ......###
#...........# * , ,
......'.###...........#
*


You could see Nessos (fast) and a centaur.

Vanquished Creatures
  Josephine (D:11)
  A rakshasa (D:10)
  2 two-headed ogres
  Sonja (D:12)
  2 manticores
  A gargoyle (D:9)
  Psyche (D:12)
  3 trolls
  A hornet (D:9)
  A centaur simulacrum (D:12)
  A vampire (D:10)
  Sigmund (D:2)
  2 shadows
  4 wraiths (D:11)
  A wyvern (D:5)
  8 yaks (D:10)
  4 steam dragons
  2 vampire mosquitoes (D:11)
  An acid dragon (D:11)
  2 water moccasins
  10 orc warriors
  3 ice beasts
  2 black bears
  A sky beast (D:7)
  5 ogres
  7 centaurs
  A phantom (D:4)
  2 kobold brigands
  5 bullfrogs
  A necrophage (D:5)
  2 scorpions
  2 gnoll sergeants
  16 wights
  A killer bee (D:9)
  6 howler monkeys
  A hound (D:6)
  12 orc priests
  Crazy Yiuf (D:3)
  15 orc wizards
  An iguana (D:5)
  Terence (D:2)
  9 gnolls
  5 adders
  2 shadow imps
  A white imp (D:7)
  An ufetubus (D:4)
  A dart slug (D:1)
  60 orcs
  4 ball pythons
  2 endoplasms
  2 giant cockroaches
  4 hobgoblins
  8 jackals
  2 quokkas
  3 bats
  3 frilled lizards
  6 goblins
  11 kobolds
  5 rats
264 creatures vanquished.

Vanquished Creatures (others)
  2 plants (D:5)
2 creatures vanquished.

Grand Total: 266 creatures vanquished

Notes
Turn   | Place    | Note
-------+----------+-------------------------------------------
     0 | D:1      | holysushi the Meteoran Earth Elementalist began the quest
                  | for the Orb.
     0 | D:1      | Reached XP level 1. HP: 14/14 MP: 5/5
     6 | D:1      | Found Jorukasu's Distillery.
    54 | D:1      | Reached XP level 2. HP: 20/20 MP: 1/6
   299 | D:2      | Reached XP level 3. HP: 26/26 MP: 4/8
   306 | D:2      | Noticed Sigmund
   316 | D:2      | Killed Sigmund
   317 | D:2      | Reached XP level 4. HP: 11/33 MP: 1/9
   317 | D:2      | Reached XP level 5. HP: 13/38 MP: 1/10
   317 | D:2      | Reached XP level 6. HP: 16/45 MP: 1/11
   382 | D:2      | Noticed Terence
   386 | D:2      | Killed Terence
   390 | D:2      | Found an ancient bone altar of Kikubaaqudgha.
   396 | D:2      | Found a faded altar of an unknown god.
   576 | D:3      | Identified the +1 robe "Zumadwop" {rElec}
   593 | D:4      | Found a burning altar of Makhleb.
   674 | D:3      | Learned a level 2 spell: Passwall
   678 | D:3      | Learned a level 3 spell: Stone Arrow
   743 | D:3      | Identified the +6 hammer "Kafiut" {holy, Str+3 Int+4}
   746 | D:3      | Found a runed translucent door.
   747 | D:3      | Noticed Crazy Yiuf
   753 | D:3      | Killed Crazy Yiuf
   756 | D:3      | Identified the +6 hammer of Immorality {vorpal, +Blink
                  | rElec rC- Int+4}
   843 | D:4      | Reached skill level 1 in Fighting
   843 | D:4      | Reached skill level 3 in Dodging
   843 | D:4      | Reached XP level 7. HP: 52/52 MP: 9/12
   857 | D:5      | Entered Level 5 of the Dungeon
   875 | D:4      | Identified the +0 ring mail of Keizuon {Slay+3}
   909 | D:4      | Reached skill level 4 in Dodging
  1119 | D:4      | Found a basalt altar of Yredelemnul.
  1196 | D:4      | Became a worshipper of Makhleb the Destroyer
  1254 | D:5      | Reached XP level 8. HP: 55/64 MP: 9/13
  1255 | D:5      | Reached skill level 5 in Dodging
  1258 | D:5      | Noticed a wyvern
  1261 | D:5      | Killed a wyvern
  1392 | D:5      | Reached skill level 6 in Dodging
  1485 | D:5      | Found a staircase to the Ecumenical Temple.
  1651 | D:6      | Reached skill level 5 in Fighting
  1804 | D:6      | Found Oho Moefary's Antique Weapon Shoppe.
  1900 | D:6      | Noticed a steam dragon
  1906 | D:6      | Killed a steam dragon
  1907 | D:6      | Reached skill level 7 in Dodging
  1907 | D:6      | Gained mutation: You passively map the area around you.
                  | [Meteoran growth]
  1907 | D:6      | Reached XP level 9. HP: 46/75 MP: 10/14
  1944 | D:6      | Reached * piety under Makhleb
  2035 | D:6      | Found a sparkling altar of Nemelex Xobeh.
  2035 | D:6      | Found an ornate altar of the Wu Jian Council.
  2035 | D:6      | Found a glowing silver altar of Zin.
  2095 | D:6      | Reached skill level 8 in Dodging
  2166 | D:7      | Reached skill level 9 in Dodging
  2280 | D:7      | Found Agel's Armour Shoppe.
  2301 | D:7      | Reached skill level 10 in Dodging
  2325 | D:7      | Reached skill level 11 in Dodging
  2352 | D:7      | Reached XP level 10. HP: 79/83 MP: 12/15
  2380 | D:7      | Reached ** piety under Makhleb
  2397 | D:7      | Reached skill level 12 in Dodging
  2515 | D:7      | Reached skill level 13 in Dodging
  2718 | D:8      | Reached skill level 14 in Dodging
  2848 | D:8      | Found a shadowy altar of Dithmenos.
  2912 | D:8      | Reached *** piety under Makhleb
  3045 | D:10     | Entered Level 10 of the Dungeon
  3067 | D:9      | Found Haunnoblu's Weapon Emporium.
  3076 | D:9      | Found a staircase to the Orcish Mines.
  3103 | Orc:1    | Entered Level 1 of the Orcish Mines
  3106 | Orc:1    | Reached XP level 11. HP: 79/89 MP: 13/16
  3151 | D:9      | Identified a scroll of acquirement
  3151 | D:9      | Acquired 720 gold pieces
  3327 | D:9      | Reached skill level 15 in Dodging
  3327 | D:9      | Reached skill level 1 in Evocations
  3544 | D:9      | Learned a level 4 spell: Petrify
  3581 | Orc:2    | Entered Level 2 of the Orcish Mines
  3590 | Orc:1    | Noticed an orc knight
  3732 | D:11     | Noticed a two-headed ogre
  3783 | D:10     | Reached skill level 5 in Evocations
  3806 | D:10     | Noticed a rakshasa
  3808 | D:10     | Noticed a manticore
  3847 | D:10     | Killed a rakshasa
  3847 | D:10     | Reached **** piety under Makhleb
  3848 | D:10     | Reached skill level 16 in Dodging
  3878 | D:10     | Killed a manticore
  4063 | D:10     | Found Hollerooma's Weapon Shop.
  4138 | D:10     | Noticed a two-headed ogre
  4170 | D:10     | Killed a two-headed ogre
  4171 | D:10     | Reached XP level 12. HP: 64/100 MP: 16/20
  4294 | D:11     | Killed a two-headed ogre
  4295 | D:11     | Reached skill level 5 in Spellcasting
  4415 | D:11     | Noticed Josephine
  4422 | D:11     | Killed Josephine
  4748 | D:11     | Identified the +5 long sword of Causality {drain, *Corrode
                  | rF+ Will++ Str+3}
  4812 | D:12     | Learned a level 4 spell: Airstrike
  4840 | D:12     | Noticed Sonja
  4860 | D:12     | Killed Sonja
  4861 | D:12     | Reached skill level 1 in Air Magic
  5022 | D:12     | Noticed Psyche
  5026 | D:12     | Killed Psyche
  5042 | D:12     | Noticed Nessos
  5067 | D:12     | Shot with an arrow by Nessos

Illustrated notes

Levels and vault maps discovered:
D:1:      scummos_arrival_hexagon, layout_rooms, serial_shops,
          nicolae_shop_competitors_out_of_business
D:2:      layout_rooms, hellmonk_ecumenical_altar_dog_temple, basic_altar,
          serial_park_tiny_2, minmay_tripent, uniq_sigmund, uniq_terence
D:3:      minmay_diamond_boxcup, layout_rooms, grunt_decor_resistance,
          uniq_crazy_yiuf_cottage
D:4:      layout_rooms, kennysheep_mini_moat, mainiacjoe_overflow_catwalk,
          hangedman_decor_diamond_cutter
D:5:      layout_loops_ring, temple_green, serial_bayou_lake_a
D:6:      layout_loops_corners, nicolae_overflow_hidden_temple, serial_shops,
          shop
D:7:      layout_loops_ring, serial_shops, shop_fountains,
          minmay_manual_monstrance
D:8:      layout_loops_ring, nicolae_dithmenos_through_a_glass_darkly
D:9:      layout_roguey, lair_entry_dummy, orc_david_3, minmay_fractal_squares_5
D:10:     kennysheep_blocky_room, layout_loops_ring, serial_shops,
          nicolae_shop_bloodbath_and_beyond, nicolae_figureground_sparkle
D:11:     layout_basic, uniq_josephine
D:12:     layout_roguey [special_room_orc], serial_ice, serial_ice_e,
          serial_ice_m, serial_ice_o, serial_ice_f, uniq_sonja, uniq_nessos,
          uniq_psyche
D:13:     layout_loops_corners, uniq_rupert
Orc:1:    layout_caves
Orc:2:    st_orc_congregation, layout_diamond_mine

Skill      XL: |  1  2  3  4  5  6  7  8  9 10 11 12 |
---------------+-------------------------------------+-----
Earth Magic    | 4 7 |  7.8
Fighting       | 1 3 5 6 7 8 |  8.3
Dodging        | 3 4 7 11 14 16 | 16.8
Evocations     | 6 8 |  8.0
Spellcasting   | 4 6 |  6.8
Air Magic      | 2 |  2.7
Stealth        | |  1.5
Transmutations | |  1.4

Action                   |  1- 3 |  4- 6 |  7- 9 | 10-12 || total
-------------------------+-------+-------+-------+-------++-------
Melee: Unarmed           |       |     2 |       |       ||     2
       Mace              |       |       |       |     7 ||     7
 Cast: Sandblast         |    26 |    32 |   118 |   296 ||   472
       Passwall          |       |       |     4 |    19 ||    23
       Petrify           |       |       |       |     6 ||     6
Evoke: Wand              |       |       |       |    44 ||    44
  Use: Scroll            |       |       |       |    20 ||    20
       Potion            |       |       |       |     3 ||     3
Armor: Robe              |     2 |     2 |    29 |    53 ||    86
Dodge: Dodged            |    11 |     7 |    48 |   265 ||   331

Table legend: (Time is in decaauts)
 A = Elapsed time spent in this place.
 B = Non-inter-level travel time spent in this place.
 C = Inter-level travel time spent in this place.
 D = Time resting spent in this place.
 E = Time spent auto-exploring this place.
 F = Levels seen in this place.
 G = Mean time per level.
                   A        B        C        D        E       F      G
               +--------+--------+--------+--------+--------+-----+--------+
         Total |   5369 |   5097 |    272 |      0 |      0 |  15 |  357.9 |
       Dungeon |   5311 |   5039 |    272 |      0 |      0 |  13 |  408.5 |
  Orcish Mines |     57 |     57 |      0 |      0 |      0 |   2 |   28.5 |
               +--------+--------+--------+--------+--------+-----+--------+

Top non-repeatable levels by time:
    D:11: 602 daAuts
    D:10: 601 daAuts
     D:9: 591 daAuts
     D:6: 579 daAuts
     D:8: 466 daAuts
     D:5: 437 daAuts
     D:7: 430 daAuts
     D:4: 428 daAuts
    D:12: 323 daAuts
     D:3: 320 daAuts
     D:2: 277 daAuts
     D:1: 243 daAuts
   Orc:1: 55 daAuts
    D:13: 7 daAuts
   Orc:2: 1 daAuts
